 Dungeon Crawl Stone Soup version 0.21.1-1-g345015f (console) character file.

154 bolko the Chopper (level 5, -4/46 HPs)
             Began as a Deep Dwarf Monk on July 27, 2018.
             Was a Follower of Elyvilon.
             Slain by an ice beast (10 damage)
             ... on level 4 of the Dungeon.
             The game lasted 00:07:13 (2572 turns).

bolko the Chopper (Deep Dwarf Monk)                 Turns: 2572, Time: 00:07:13

Health: -4/46      AC:  5    Str: 21    XL:     5   Next: 13%
Magic:  2/5        EV: 12    Int: 10    God:    Elyvilon [*.....]
Gold:   197        SH:  0    Dex: 15    Spells: 4/4 levels left

rFire    . . .     SeeInvis .   a - +1 hand axe
rCold    . . .     Gourm    .   (no shield)
rNeg     . . .     Faith    .   h - +0 ring mail
rPois    .         Spirit   .   (no helmet)
rElec    .         Reflect  .   (no cloak)
rCorr    .         Harm     .   (no gloves)
MR       .....                  (no boots)
Stlth    +.........             (no amulet)
HPRegen  0.00/turn              (no ring)
MPRegen  0.09/turn              (no ring)

@: mighty, non-regenerating
A: damage resistance, heal wounds, sense surroundings 1, no regeneration
a: Heal Wounds, Lesser Healing, Divine Protection, Renounce Religion


You were on level 4 of the Dungeon.
You worshipped Elyvilon.
Elyvilon was aware of your devotion.
You were near starving.

You visited 2 branches of the dungeon, and saw 5 of its levels.

You collected 197 gold pieces.

Inventory:

Hand Weapons
 a - a +1 hand axe (weapon)
 n - a +0 blowgun
Missiles
 o - 17 poisoned needles
Armour
 b - a +0 robe
 h - a +0 ring mail (worn)
Scrolls
 l - a scroll of teleportation
 p - a scroll of enchant weapon
Potions
 g - a potion of might
 i - a potion of invisibility
 j - 2 potions of lignification
 k - a potion of flight {unknown}
 m - a potion of cancellation {unknown}
 q - 2 potions of curing {unknown}
Comestibles
 c - 8 rations


   Skills:
 - Level 2.6 Fighting
 + Level 6.4 Axes
 - Level 3.2 Dodging
 - Level 2.4 Stealth


You had 4 spell levels left.
You didn't know any spells.

Dungeon Overview and Level Annotations

Branches:
Dungeon (4/15)             Temple (1/1) D:4

Altars:
Ashenzari
Cheibriados
Elyvilon
Fedhas
Gozag
Hepliaklqana
Makhleb
Okawaru
Qazlal
Ru
Sif Muna
Trog
Uskayaw
Vehumet
Xom
Yredelemnul


Innate Abilities, Weirdness & Mutations

You are resistant to damage.
You can heal yourself by infusing magical energy.
You passively map a small area around you.
You do not regenerate.


Message History

Okay, then.
Unknown command.
Okay, then.
Okay, then.
Unknown command.
You feel very mighty all of a sudden. The ice beast barely misses you.
You barely miss the ice beast.
The ice beast is moderately wounded.
The ice beast hits you but does no damage.
You hit the ice beast but do no damage.
The ice beast is moderately wounded.
The ice beast hits you. The ice beast freezes you!
* * * LOW HITPOINT WARNING * * *
You closely miss the ice beast.
The ice beast is moderately wounded.
The ice beast hits you.
* * * LOW HITPOINT WARNING * * *
The ice beast freezes you!
You die...

#.#.# ...#.....#.
#.#.###..#.#.....
#.#.....>........
,
#.....##.........
#####.##..##.#[.
, #.##...#.#
#.##.#...# ,
#.##.#$### , , *
#....@.#* *
.......Y....... ,
,
.........###..#,
.........# .
#####....# *
#....# * #....#
,* #....# , , ,


You could see an ice beast.

Vanquished Creatures
  8 adders
  3 dart slugs
  2 leopard geckos
  An orc (D:3)
  3 giant cockroaches
  7 goblins
  13 hobgoblins
  5 jackals
  4 quokkas
  8 bats
  3 frilled lizards
  5 kobolds
  8 rats
70 creatures vanquished.

Notes
Turn   | Place    | Note
-------+----------+-------------------------------------------
     0 | D:1      | bolko the Deep Dwarf Monk began the quest for the Orb.
     0 | D:1      | Reached XP level 1. HP: 20/20 MP: 1/1
   132 | D:1      | Reached XP level 2. HP: 22/27 MP: 2/2
   197 | D:1      | Reached skill level 4 in Axes
   745 | D:2      | Reached XP level 3. HP: 19/33 MP: 3/3
   750 | D:2      | Reached skill level 5 in Axes
   907 | D:2      | Reached XP level 4. HP: 40/40 MP: 4/4
  1654 | D:3      | Reached skill level 6 in Axes
  1744 | D:3      | Reached XP level 5. HP: 30/46 MP: 5/5
  2408 | D:4      | Found a staircase to the Ecumenical Temple.
  2415 | Temple   | Entered the Ecumenical Temple
  2530 | Temple   | Became a worshipper of Elyvilon the Healer
  2530 | Temple   | Reached * piety under Elyvilon
  2530 | Temple   | Reached ** piety under Elyvilon
  2555 | D:4      | Noticed an ice beast
  2572 | D:4      | Slain by an ice beast

Skill      XL: |  1  2  3  4 |
---------------+-------------+-----
Axes           | 4 5 6 |  6.4
Fighting       | |  2.6
Dodging        | |  3.2
Stealth        | |  2.4

Action                   |  1- 3 |  4- 6 || total
-------------------------+-------+-------++-------
Melee: Hand axe          |   130 |   110 ||   240
Invok: Lesser Healing    |       |     1 ||     1
       Heal Other        |       |     1 ||     1
 Abil: Heal Wounds       |     3 |       ||     3
  Use: Scroll            |     5 |     4 ||     9
       Potion            |     1 |     2 ||     3
 Stab: Sleeping          |     1 |     4 ||     5
  Eat: Ration            |       |     1 ||     1
       Chunk             |       |     1 ||     1
Armor: Ring mail         |    25 |    32 ||    57
Dodge: Dodged            |    89 |    86 ||   175
